Calgary Flames vs Quebec Nordiques
Created - Saturday, October 26, 2024 at 10:52
Goals
|
| Calgary Flames |
3 |
1 |
0 |
0 |
1 |
4 |
| Quebec Nordiques |
1 |
2 |
1 |
0 |
2 |
5 |
|
Shots
|
| Calgary Flames |
19 |
6 |
10 |
4 |
3 |
39 |
| Quebec Nordiques |
14 |
18 |
8 |
0 |
3 |
40 |
|
1st period
1. Calgary Flames , Sebastian Aho 26 (Joel Eriksson Ek 25) at 5:19
2. Calgary Flames , Matthew Tkachuk 21 (J.T. Miller 42) at 14:27
3. Quebec Nordiques , Cole Perfetti 12 (Michael Anderson 17, J.J. Moser 21) at 16:41
4. Calgary Flames , Pavel Zacha 21 (Sebastian Aho 35) at 17:54 (SH)
Penalties :
Jake Middleton (CGY) for Delaying the game (Minor) at 8:34, Marc Staal (QUE) for High sticking (Minor) at 15:43, Drew Doughty (CGY) for Tripping (Minor) at 16:05, Matthew Tkachuk (CGY) for Tripping (Minor) at 18:56
2nd period
5. Calgary Flames , Oliver Bjorkstrand 12 (Vincent Desharnais 1) at 15:07
6. Quebec Nordiques , Jordan Greenway 10 (Juuso Valimaki 6, J.J. Moser 22) at 16:36
7. Quebec Nordiques , Evander Kane 20 (Juuso Valimaki 7, Shane Pinto 25) at 16:56
Penalties :
Michael Anderson (QUE) for Fighting (Major) at 2:00, J.T. Miller (CGY) for Fighting (Major) at 2:00, Nic Dowd (CGY) for Tripping (Minor) at 3:57, Michael McCarron (QUE) for Hooking (Minor) at 6:18
3rd period
8. Quebec Nordiques , Shane Pinto 20 (Anthony Duclair 27) at 3:16 (PP)
Penalties :
Yakov Trenin (CGY) for Cross-checking (Minor) at 2:29, Barrett Hayton (QUE) for Interference (Minor) at 6:04
Overtime #1
No Goal
Penalties :
No Penalty
Shootout
Calgary Flames, J.T. Miller - Shot Misses the Net
Quebec Nordiques, Trevor Zegras - Goal!
Calgary Flames, Sebastian Aho - Stopped by John Gibson
Quebec Nordiques, Kirby Dach - Stopped by Samuel Montembeault
Calgary Flames, Joel Eriksson Ek - Goal!
Quebec Nordiques, Anthony Duclair - Goal!
Penalties :
No Penalty
Goalie Stats
Samuel Montembeault (CGY), 36 saves from 40 shots - (0.900), OTL, 4-2-1, 65:00 minutes
John Gibson (QUE), 35 saves from 39 shots - (0.897), W, 5-15-4, 65:00 minutes
Players Stats for Calgary Flames
Player Name G A P +/- PIM S H SB GA TA FO MP PP MP PK MP
------------------------------------------------------------------------------------
Cole Sillinger 0 0 0 0 0 0 0 1 0 0 2/2 12:44 0:00 1:43
Drew Doughty 0 0 0 -1 2 1 2 0 0 0 0/0 26:55 2:50 4:03
Garnet Hathaway 0 0 0 0 0 1 0 0 0 0 0/0 6:51 0:00 0:00
J.T. Miller 0 1 1 0 5 1 0 0 1 0 11/20 15:08 1:10 0:46
Jake Middleton 0 0 0 1 2 1 3 3 0 1 0/0 21:49 0:00 2:15
Jeremy Lauzon 0 0 0 0 0 1 2 0 0 1 0/0 16:33 1:29 0:41
Joel Eriksson Ek 0 1 1 0 0 4 2 0 1 0 4/6 23:04 2:10 2:51
Kris Letang 0 0 0 -1 0 5 0 1 0 0 0/0 27:48 2:51 4:00
Mathieu Joseph 0 0 0 0 0 1 1 0 0 0 1/1 10:56 0:00 0:00
Matthew Tkachuk 1 0 1 -1 2 8 2 1 1 0 0/0 21:38 1:49 2:12
Nic Dowd 0 0 0 0 2 3 1 0 0 1 0/4 9:58 1:18 0:00
Oliver Bjorkstrand 1 0 1 0 0 3 4 0 0 1 2/12 12:31 0:27 0:00
Pavel Zacha 1 0 1 1 0 1 2 1 1 0 4/8 22:19 1:49 3:46
Rasmus Andersson 0 0 0 3 0 1 1 5 0 0 0/0 23:44 1:29 3:13
Sebastian Aho 1 1 2 2 0 4 2 1 1 2 7/13 22:30 2:06 2:54
Vincent Desharnais 0 1 1 0 0 1 0 0 0 1 0/0 13:21 0:00 0:00
Yakov Trenin 0 0 0 0 2 1 1 0 0 0 0/0 6:50 0:00 0:00
Zach Hyman 0 0 0 1 0 2 0 0 0 1 1/2 16:32 2:11 0:00
Players Stats for Quebec Nordiques
Player Name G A P +/- PIM S H SB GA TA FO MP PP MP PK MP
------------------------------------------------------------------------------------
Anthony Duclair 0 1 1 -2 0 5 1 0 0 0 0/0 17:25 3:32 0:00
Barrett Hayton 0 0 0 -1 2 10 0 1 1 0 8/13 13:38 0:00 0:49
Cole Perfetti 1 0 1 1 0 6 2 0 0 3 0/1 17:48 3:20 0:00
Eetu Luostarinen 0 0 0 -1 0 1 1 1 0 0 0/0 14:08 0:00 2:00
Evander Kane 1 0 1 -2 0 3 5 0 0 0 1/1 17:25 3:32 0:00
J.J. Moser 0 2 2 -1 0 3 2 0 0 1 0/0 25:03 4:08 2:15
Jonas Siegenthaler 0 0 0 1 0 1 0 5 0 0 0/0 25:55 3:27 2:05
Jordan Greenway 1 0 1 1 0 1 1 0 1 0 0/0 10:51 0:00 2:06
Justin Holl 0 0 0 -1 0 0 6 2 0 0 0/0 15:42 0:08 0:00
Juuso Valimaki 0 2 2 1 0 1 0 1 0 1 0/0 23:06 3:33 1:10
Kirby Dach 0 0 0 -1 0 1 0 1 1 0 1/1 12:52 0:08 0:00
Marc Staal 0 0 0 -1 2 1 0 1 0 0 0/0 18:14 0:43 2:05
Marco Rossi 0 0 0 1 0 1 0 0 1 0 13/22 18:18 3:28 0:00
Michael Anderson 0 1 1 -1 5 0 1 2 1 0 0/0 22:04 2:19 1:05
Michael McCarron 0 0 0 1 2 0 0 2 1 0 2/5 10:02 0:00 0:56
Ryan Poehling 0 0 0 1 0 1 1 0 0 0 0/2 10:51 0:00 2:06
Shane Pinto 1 1 2 -2 0 3 1 0 1 0 10/22 20:40 3:38 0:00
Trevor Zegras 0 0 0 0 0 2 2 0 1 0 1/1 19:57 3:34 0:43
3 Stars
1 - Sebastian Aho (CGY)
2 - Cole Perfetti (QUE)
3 - Jordan Greenway (QUE)
Power Play
Calgary Flames - 0 on 3 Attempt(s) - 0.00%
Quebec Nordiques - 1 on 5 Attempt(s) - 20.00%
Penalty Kill
Calgary Flames - 4 on 5 Attempt(s) - 80.00%
- Score 1 goal in Penalty Kill
Quebec Nordiques - 3 on 3 Attempt(s) - 100.00%
- Score 0 goal in Penalty Kill
Team Stat
Calgary Flames - Hits : 23 - Faceoff Wins : 32 - Blocked Shots : 13 - Penalty Minutes : 15
Quebec Nordiques - Hits : 23 - Faceoff Wins : 36 - Blocked Shots : 16 - Penalty Minutes : 11
Official
Referees : Carter Sandlak and Jean Hebert
Linesman : Ben O'Quinn and Ryan Daisy
Game Notes
Michael Anderson and J.T. Miller fight to a draw at 2:00 of 2nd period
Finance
Level 1 -- Attendance: 4166 (69.43%) -- Ticket Income $416,600
Level 2 -- Attendance: 3459 (69.18%) -- Ticket Income $207,540
Level 3 -- Attendance: 2207 (73.57%) -- Ticket Income $77,245
Level 4 -- Attendance: 3689 (73.78%) -- Ticket Income $92,225
Luxury Box -- Attendance: 774 (77.40%) -- Ticket Income $154,800
Game was played at the Centre Videotron.
Total Attendance: 14295 (71.48%)
Total Ticket Income: $948,410
Other Income: $331,944
Total Income: $1,280,354
Calgary Flames
5 vs 5 Forward
Center Left Wing Right Wing Time % Phy DF OF
1 J.T. Miller Pavel Zacha Matthew Tkachuk 30 1 2 2
2 Sebastian Aho Zach Hyman Joel Eriksson Ek 30 1 2 2
3 Oliver Bjorkstrand Cole Sillinger Mathieu Joseph 25 1 2 2
4 Nic Dowd Yakov Trenin Garnet Hathaway 15 1 2 2
5 vs 5 Defense
Defense Defense Time % Phy DF OF
1 Drew Doughty Kris Letang 35 1 2 2
2 Rasmus Andersson Jake Middleton 35 1 2 2
3 Jeremy Lauzon Vincent Desharnais 30 1 2 2
4 Drew Doughty Kris Letang 0 1 2 2
PowerPlay Forward
Center Left Wing Right Wing Time % Phy DF OF
1 Joel Eriksson Ek Pavel Zacha Matthew Tkachuk 50 1 2 2
2 Sebastian Aho Zach Hyman J.T. Miller 50 1 2 2
PowerPlay Defense
Defense Defense Time % Phy DF OF
1 Drew Doughty Kris Letang 50 1 2 2
2 Rasmus Andersson Jeremy Lauzon 50 1 2 2
Penalty Kill 4 Players Forward
Center Wing Time % Phy DF OF
1 Pavel Zacha Sebastian Aho 50 1 2 2
2 Joel Eriksson Ek Matthew Tkachuk 50 1 2 2
Penalty Kill 4 Players Defense
Defense Defense Time % Phy DF OF
1 Drew Doughty Kris Letang 50 1 2 2
2 Rasmus Andersson Jake Middleton 50 1 2 2
Penalty Kill - 3 Players Forward
Forward Time % Phy DF OF
1 Matthew Tkachuk 50 1 2 2
2 Sebastian Aho 50 1 2 2
Penalty Kill - 3 Players Defense
Defense Defense Time % Phy DF OF
1 Drew Doughty Kris Letang 50 1 2 2
2 Rasmus Andersson Jeremy Lauzon 50 1 2 2
4 vs 4 Forward
Center Wing Time % Phy DF OF
1 Pavel Zacha Sebastian Aho 50 1 2 2
2 Joel Eriksson Ek Matthew Tkachuk 50 1 2 2
4 vs 4 Defense
Defense Defense Time % Phy DF OF
1 Drew Doughty Kris Letang 50 1 2 2
2 Rasmus Andersson Jake Middleton 50 1 2 2
Last Minutes Offensive
Center Left Wing Right Wing Defense Defense
J.T. Miller Pavel Zacha Matthew Tkachuk Drew Doughty Kris Letang
Last Minutes Defensive
Center Left Wing Right Wing Defense Defense
J.T. Miller Pavel Zacha Matthew Tkachuk Drew Doughty Kris Letang
Goaltenders
Starting : Samuel Montembeault
Backup : Ilya Sorokin
Extra Forwards
Normal : Nic Dowd, Oliver Bjorkstrand, Cole Sillinger - PP : Nic Dowd, Oliver Bjorkstrand - PK : Cole Sillinger
Extra Defensemen
Normal : Jake Middleton, Jeremy Lauzon, Rasmus Andersson - PP : Jake Middleton - PK : Jeremy Lauzon, Rasmus Andersson
Penalty Shots
J.T. Miller, Sebastian Aho, Joel Eriksson Ek, Matthew Tkachuk, Pavel Zacha
Scratches
Jeff Petry (Healthy), Timo Meier (Healthy), Noel Acciari (Healthy), Rafael Harvey-Pinard (Healthy)
Quebec Nordiques
5 vs 5 Forward
Center Left Wing Right Wing Time % Phy DF OF
1 Shane Pinto Evander Kane Anthony Duclair 30 1 1 3
2 Marco Rossi Trevor Zegras Cole Perfetti 30 1 1 3
3 Barrett Hayton Eetu Luostarinen Kirby Dach 25 1 1 3
4 Michael McCarron Ryan Poehling Jordan Greenway 15 1 3 1
5 vs 5 Defense
Defense Defense Time % Phy DF OF
1 J.J. Moser Michael Anderson 30 1 3 1
2 Jonas Siegenthaler Juuso Valimaki 30 1 3 1
3 Marc Staal Justin Holl 30 1 3 1
4 J.J. Moser Michael Anderson 10 1 3 1
PowerPlay Forward
Center Left Wing Right Wing Time % Phy DF OF
1 Shane Pinto Evander Kane Anthony Duclair 50 1 0 4
2 Marco Rossi Trevor Zegras Cole Perfetti 50 1 0 4
PowerPlay Defense
Defense Defense Time % Phy DF OF
1 J.J. Moser Juuso Valimaki 50 1 3 1
2 Michael Anderson Jonas Siegenthaler 50 1 3 1
Penalty Kill 4 Players Forward
Center Wing Time % Phy DF OF
1 Ryan Poehling Jordan Greenway 50 1 2 2
2 Michael McCarron Eetu Luostarinen 50 1 2 2
Penalty Kill 4 Players Defense
Defense Defense Time % Phy DF OF
1 J.J. Moser Michael Anderson 50 1 2 2
2 Jonas Siegenthaler Marc Staal 50 1 2 2
Penalty Kill - 3 Players Forward
Forward Time % Phy DF OF
1 Michael McCarron 50 1 2 2
2 Ryan Poehling 50 1 2 2
Penalty Kill - 3 Players Defense
Defense Defense Time % Phy DF OF
1 J.J. Moser Michael Anderson 50 1 2 2
2 Jonas Siegenthaler Juuso Valimaki 50 1 2 2
4 vs 4 Forward
Center Wing Time % Phy DF OF
1 Shane Pinto Trevor Zegras 50 1 2 2
2 Marco Rossi Cole Perfetti 50 1 2 2
4 vs 4 Defense
Defense Defense Time % Phy DF OF
1 J.J. Moser Michael Anderson 50 1 2 2
2 Jonas Siegenthaler Juuso Valimaki 50 1 2 2
Last Minutes Offensive
Center Left Wing Right Wing Defense Defense
Shane Pinto Evander Kane Anthony Duclair J.J. Moser Michael Anderson
Last Minutes Defensive
Center Left Wing Right Wing Defense Defense
Ryan Poehling Eetu Luostarinen Jordan Greenway J.J. Moser Michael Anderson
Goaltenders
Starting : John Gibson
Backup : Lukas Dostal
Extra Forwards
Normal : Marco Rossi, Kirby Dach, Barrett Hayton - PP : Marco Rossi, Kirby Dach - PK : Barrett Hayton
Extra Defensemen
Normal : Jonas Siegenthaler, Marc Staal, J.J. Moser - PP : Jonas Siegenthaler - PK : Juuso Valimaki, Jonas Siegenthaler
Penalty Shots
Trevor Zegras, Kirby Dach, Anthony Duclair, Barrett Hayton, Evander Kane
Scratches
Alexander Alexeyev (Healthy), Connor Brown (Healthy)
% Time on Ice - Calgary Flames
Lines # - Real PCT - Wanted PCT - Time Play
Normal Forward
1 - 30% - 30% - 14:15
2 - 32% - 30% - 14:55
3 - 23% - 25% - 10:56
4 - 15% - 15% - 6:51
Normal Defense
1 - 34% - 35% - 15:56
2 - 35% - 35% - 16:17
3 - 28% - 30% - 13:21
4 - 3% - 0% - 1:23
PP Forward
1 - 50% - 50% - 2:10
2 - 50% - 50% - 2:10
PP Defense
1 - 66% - 50% - 2:51
2 - 34% - 50% - 1:29
PK Forward
1 - 53% - 50% - 3:45
2 - 47% - 50% - 3:21
PK Defense
1 - 50% - 50% - 3:34
2 - 50% - 50% - 3:32
PK3 Forward
1 - 0% - 50%
2 - 0% - 50%
PK3 Defense
1 - 0% - 50%
2 - 0% - 50%
44 Forward
1 - 44% - 50% - 2:55
2 - 56% - 50% - 3:42
44 Defense
1 - 54% - 50% - 3:33
2 - 46% - 50% - 3:04
Last Minute Offensive - 0:00
Last Minute Defensive - 0:00
Total
Forward - 65:00
Defense - 65:00
|
% Time on Ice - Quebec Nordiques
Lines # - Real PCT - Wanted PCT - Time Play
Normal Forward
1 - 31% - 30% - 14:22
2 - 27% - 30% - 12:32
3 - 25% - 25% - 11:32
4 - 18% - 15% - 8:31
Normal Defense
1 - 29% - 30% - 13:27
2 - 36% - 30% - 16:43
3 - 30% - 30% - 14:18
4 - 5% - 10% - 2:29
PP Forward
1 - 51% - 50% - 3:38
2 - 49% - 50% - 3:28
PP Defense
1 - 48% - 50% - 3:25
2 - 52% - 50% - 3:41
PK Forward
1 - 48% - 50% - 2:06
2 - 52% - 50% - 2:14
PK Defense
1 - 52% - 50% - 2:15
2 - 48% - 50% - 2:05
PK3 Forward
1 - 0% - 50%
2 - 0% - 50%
PK3 Defense
1 - 0% - 50%
2 - 0% - 50%
44 Forward
1 - 49% - 50% - 3:16
2 - 51% - 50% - 3:21
44 Defense
1 - 41% - 50% - 2:44
2 - 59% - 50% - 3:53
Last Minute Offensive - 0:00
Last Minute Defensive - 0:00
Total
Forward - 65:00
Defense - 65:00
|
Play-by-Play
1st period
0:01 of 1st period - J.T. Miller wins face-off versus Shane Pinto in neutral zone.
0:31 of 1st period - Wrist shot by Joel Eriksson Ek.
0:31 of 1st period - Stopped by John Gibson with a rebound.
0:33 of 1st period - Wrist shot by Joel Eriksson Ek.
0:33 of 1st period - Stopped by John Gibson with a rebound.
0:35 of 1st period - Snap shot by Drew Doughty.
0:35 of 1st period - Stopped by John Gibson with a rebound.
0:37 of 1st period - Wrist shot by Sebastian Aho.
0:37 of 1st period - Stopped by John Gibson without a rebound.
0:38 of 1st period - Barrett Hayton wins face-off versus Oliver Bjorkstrand in Quebec Nordiques zone.
0:45 of 1st period - Eetu Luostarinen is hit by Rasmus Andersson and loses puck.
0:54 of 1st period - Wrist shot by Kirby Dach.
0:54 of 1st period - Shot Blocked by Rasmus Andersson.
1:10 of 1st period - Wrist shot by Yakov Trenin.
1:10 of 1st period - Shot Blocked by Jonas Siegenthaler.
1:12 of 1st period - Snap shot by Nic Dowd.
1:12 of 1st period - Deflect By Garnet Hathaway.
1:12 of 1st period - Shot Misses the Net.
1:12 of 1st period - Puck is out of play.
1:13 of 1st period - Sebastian Aho wins face-off versus Marco Rossi in Quebec Nordiques zone.
1:22 of 1st period - Wrist shot by Cole Perfetti.
1:22 of 1st period - Shot Misses the Net.
1:24 of 1st period - Snap shot by Marco Rossi.
1:24 of 1st period - Stopped by Samuel Montembeault with a rebound.
1:26 of 1st period - Slapshot by Michael Anderson.
1:26 of 1st period - Shot Misses the Net.
1:38 of 1st period - Shane Pinto is hit by Pavel Zacha and loses puck.
2:19 of 1st period - Icing by Yakov Trenin.
2:20 of 1st period - Michael McCarron wins face-off versus Oliver Bjorkstrand in Calgary Flames zone.
2:53 of 1st period - Wrist shot by Sebastian Aho.
2:53 of 1st period - Shot Blocked by Justin Holl.
3:11 of 1st period - Snap shot by Anthony Duclair.
3:11 of 1st period - Stopped by Samuel Montembeault without a rebound.
3:12 of 1st period - Shane Pinto wins face-off versus J.T. Miller in Calgary Flames zone.
3:13 of 1st period - Wrist shot by Anthony Duclair.
3:13 of 1st period - Stopped by Samuel Montembeault with a rebound.
4:24 of 1st period - Wrist shot by Barrett Hayton.
4:24 of 1st period - Shot Misses the Net.
4:28 of 1st period - Wrist shot by Eetu Luostarinen.
4:28 of 1st period - Shot Misses the Net.
4:30 of 1st period - Slapshot by J.J. Moser.
4:30 of 1st period - Stopped by Samuel Montembeault without a rebound.
4:31 of 1st period - Marco Rossi wins face-off versus J.T. Miller in Calgary Flames zone.
4:46 of 1st period - Slapshot by J.T. Miller.
4:46 of 1st period - Shot Blocked by Jonas Siegenthaler.
4:56 of 1st period - Kris Letang is hit by Cole Perfetti and loses puck.
5:11 of 1st period - Slapshot by Matthew Tkachuk.
5:11 of 1st period - Stopped by John Gibson with a rebound.
5:13 of 1st period - Slapshot by Kris Letang.
5:13 of 1st period - Shot Misses the Net.
5:15 of 1st period - Slapshot by Drew Doughty.
5:15 of 1st period - Deflect By J.T. Miller.
5:15 of 1st period - Shot Blocked by Jonas Siegenthaler.
5:15 of 1st period - Puck is out of play.
5:16 of 1st period - Sebastian Aho wins face-off versus Shane Pinto in Quebec Nordiques zone.
5:19 of 1st period - Wrist shot by Sebastian Aho.
5:19 of 1st period - Goal by Sebastian Aho - Calgary Flames : 1 - Quebec Nordiques : 0.
5:20 of 1st period - Shane Pinto wins face-off versus Oliver Bjorkstrand in neutral zone.
5:23 of 1st period - Jeremy Lauzon is hit by Justin Holl and loses puck.
5:30 of 1st period - Backhand shot by Anthony Duclair.
5:30 of 1st period - Stopped by Samuel Montembeault with a rebound.
5:46 of 1st period - Jeremy Lauzon is hit by Jordan Greenway and loses puck.
6:16 of 1st period - Snap shot by Sebastian Aho.
6:16 of 1st period - Shot Misses the Net.
6:22 of 1st period - Snap shot by Joel Eriksson Ek.
6:22 of 1st period - Stopped by John Gibson with a rebound.
6:55 of 1st period - Michael Anderson is hit by Joel Eriksson Ek and loses puck.
7:35 of 1st period - Wrist shot by Evander Kane.
7:35 of 1st period - Stopped by Samuel Montembeault without a rebound.
7:36 of 1st period - Barrett Hayton wins face-off versus Oliver Bjorkstrand in Calgary Flames zone.
8:01 of 1st period - Drew Doughty is hit by Justin Holl and loses puck.
8:34 of 1st period - Minor Penalty to Jake Middleton for Delaying the game.
8:35 of 1st period - Cole Sillinger wins face-off versus Marco Rossi in Calgary Flames zone.
9:46 of 1st period - Pavel Zacha is hit by J.J. Moser and loses puck.
9:57 of 1st period - Drew Doughty is hit by Evander Kane and loses puck.
10:34 of 1st period - Penalty to Jake Middleton is over, Jake Middleton is back on ice.
10:44 of 1st period - Michael Anderson is hit by Jake Middleton and loses puck.
10:51 of 1st period - Backhand shot by Yakov Trenin.
10:51 of 1st period - Stopped by John Gibson without a rebound.
10:52 of 1st period - Barrett Hayton wins face-off versus Oliver Bjorkstrand in Quebec Nordiques zone.
11:03 of 1st period - Wrist shot by Barrett Hayton.
11:03 of 1st period - Stopped by Samuel Montembeault without a rebound.
11:04 of 1st period - J.T. Miller wins face-off versus Barrett Hayton in Calgary Flames zone.
11:33 of 1st period - Snap shot by Anthony Duclair.
11:33 of 1st period - Shot Blocked by Pavel Zacha.
12:20 of 1st period - Snap shot by Sebastian Aho.
12:20 of 1st period - Stopped by John Gibson with a rebound.
12:22 of 1st period - Snap shot by Zach Hyman.
12:22 of 1st period - Stopped by John Gibson with a rebound.
12:24 of 1st period - Wrist shot by Drew Doughty.
12:24 of 1st period - Shot Hit the Post.
12:26 of 1st period - Slapshot by Drew Doughty.
12:26 of 1st period - Shot Misses the Net.
12:28 of 1st period - Backhand shot by Kris Letang.
12:28 of 1st period - Shot Blocked by Jonas Siegenthaler.
12:44 of 1st period - Slapshot by Kris Letang.
12:44 of 1st period - Shot Misses the Net.
12:48 of 1st period - Snap shot by Nic Dowd.
12:48 of 1st period - Shot Misses the Net.
12:50 of 1st period - Wrist shot by Garnet Hathaway.
12:50 of 1st period - Shot Misses the Net.
13:26 of 1st period - Backhand shot by Jordan Greenway.
13:26 of 1st period - Shot Misses the Net.
13:28 of 1st period - Slapshot by J.J. Moser.
13:28 of 1st period - Stopped by Samuel Montembeault without a rebound.
13:29 of 1st period - Zach Hyman wins face-off versus Barrett Hayton in Calgary Flames zone.
13:29 of 1st period - Zach Hyman is hit by Justin Holl.
13:39 of 1st period - Wrist shot by Sebastian Aho.
13:39 of 1st period - Shot Blocked by Kirby Dach.
13:41 of 1st period - Slapshot by Kris Letang.
13:41 of 1st period - Stopped by John Gibson with a rebound.
13:43 of 1st period - Slapshot by Drew Doughty.
13:43 of 1st period - Shot Blocked by Marc Staal.
13:45 of 1st period - Slapshot by Kris Letang.
13:45 of 1st period - Stopped by John Gibson with a rebound.
13:47 of 1st period - Snap shot by Zach Hyman.
13:47 of 1st period - Shot Blocked by Barrett Hayton.
13:49 of 1st period - Backhand shot by Rasmus Andersson.
13:49 of 1st period - Shot Blocked by Justin Holl.
14:05 of 1st period - Snap shot by Barrett Hayton.
14:05 of 1st period - Stopped by Samuel Montembeault without a rebound.
14:06 of 1st period - Marco Rossi wins face-off versus J.T. Miller in Calgary Flames zone.
14:15 of 1st period - Wrist shot by Cole Perfetti.
14:15 of 1st period - Stopped by Samuel Montembeault with a rebound.
14:17 of 1st period - Wrist shot by Cole Perfetti.
14:17 of 1st period - Stopped by Samuel Montembeault without a rebound.
14:18 of 1st period - J.T. Miller wins face-off versus Shane Pinto in Calgary Flames zone.
14:27 of 1st period - Wrist shot by Matthew Tkachuk.
14:27 of 1st period - Goal by Matthew Tkachuk - Calgary Flames : 2 - Quebec Nordiques : 0.
14:28 of 1st period - Oliver Bjorkstrand wins face-off versus Marco Rossi in neutral zone.
14:55 of 1st period - J.J. Moser is hit by Matthew Tkachuk and loses puck.
15:02 of 1st period - Snap shot by Matthew Tkachuk.
15:02 of 1st period - Stopped by John Gibson with a rebound.
15:22 of 1st period - Snap shot by Jordan Greenway.
15:22 of 1st period - Shot Blocked by Rasmus Andersson.
15:24 of 1st period - Slapshot by Ryan Poehling.
15:24 of 1st period - Shot Misses the Net.
15:43 of 1st period - Minor Penalty to Marc Staal for High sticking.
15:44 of 1st period - Joel Eriksson Ek wins face-off versus Ryan Poehling in Quebec Nordiques zone.
16:05 of 1st period - Minor Penalty to Drew Doughty for Tripping.
16:06 of 1st period - Shane Pinto wins face-off versus Pavel Zacha in Calgary Flames zone.
16:21 of 1st period - Slapshot by Trevor Zegras.
16:21 of 1st period - Shot Blocked by Kris Letang.
16:37 of 1st period - Snap shot by Cole Perfetti.
16:37 of 1st period - Shot Misses the Net.
16:39 of 1st period - Slapshot by J.J. Moser.
16:39 of 1st period - Shot Blocked by Matthew Tkachuk.
16:41 of 1st period - Slapshot by Michael Anderson.
16:41 of 1st period - Deflect By Cole Perfetti.
16:41 of 1st period - Goal by Cole Perfetti - Calgary Flames : 2 - Quebec Nordiques : 1.
16:42 of 1st period - Joel Eriksson Ek wins face-off versus Marco Rossi in neutral zone.
16:47 of 1st period - Wrist shot by Cole Perfetti.
16:47 of 1st period - Stopped by Samuel Montembeault with a rebound.
16:49 of 1st period - Snap shot by Cole Perfetti.
16:49 of 1st period - Shot Blocked by Rasmus Andersson.
17:34 of 1st period - Snap shot by Joel Eriksson Ek.
17:34 of 1st period - Shot Misses the Net.
17:36 of 1st period - Snap shot by Joel Eriksson Ek.
17:36 of 1st period - Shot Blocked by Juuso Valimaki.
17:38 of 1st period - Snap shot by Jake Middleton.
17:38 of 1st period - Deflect By Trevor Zegras.
17:38 of 1st period - Stopped by John Gibson with a rebound.
17:43 of 1st period - Penalty to Marc Staal is over, Marc Staal is back on ice.
17:46 of 1st period - Backhand shot by Joel Eriksson Ek.
17:46 of 1st period - Stopped by John Gibson with a rebound.
17:48 of 1st period - Slapshot by Jeremy Lauzon.
17:48 of 1st period - Stopped by John Gibson without a rebound.
17:49 of 1st period - Pavel Zacha wins face-off versus Shane Pinto in Quebec Nordiques zone.
17:54 of 1st period - Snap shot by Pavel Zacha.
17:54 of 1st period - Goal by Pavel Zacha - Calgary Flames : 3 - Quebec Nordiques : 1.
17:55 of 1st period - Pavel Zacha wins face-off versus Marco Rossi in neutral zone.
18:05 of 1st period - Penalty to Drew Doughty is over, Drew Doughty is back on ice.
18:11 of 1st period - Off-side.
18:12 of 1st period - Evander Kane wins face-off versus Oliver Bjorkstrand in neutral zone.
18:25 of 1st period - Snap shot by Anthony Duclair.
18:25 of 1st period - Stopped by Samuel Montembeault with a rebound.
18:34 of 1st period - Icing by Drew Doughty.
18:35 of 1st period - Mathieu Joseph wins face-off versus Marco Rossi in Calgary Flames zone.
18:40 of 1st period - Snap shot by Matthew Tkachuk.
18:40 of 1st period - Stopped by John Gibson with a rebound.
18:56 of 1st period - Minor Penalty to Matthew Tkachuk for Tripping.
18:57 of 1st period - Shane Pinto wins face-off versus Joel Eriksson Ek in Calgary Flames zone.
19:12 of 1st period - Kris Letang is hit by Shane Pinto and loses puck.
19:55 of 1st period - Shane Pinto is hit by Jake Middleton and loses puck.
Goals for this period are 3 for Calgary Flames vs 1 for Quebec Nordiques.
Shots for this period are 19 for Calgary Flames vs 14 for Quebec Nordiques.
2nd period
0:01 of 2nd period - Cole Sillinger wins face-off versus Shane Pinto in neutral zone.
0:45 of 2nd period - Off-side.
0:46 of 2nd period - Pavel Zacha wins face-off versus Shane Pinto in neutral zone.
0:56 of 2nd period - Penalty to Matthew Tkachuk is over, Matthew Tkachuk is back on ice.
0:57 of 2nd period - Wrist shot by Shane Pinto.
0:57 of 2nd period - Shot Misses the Net.
1:07 of 2nd period - Wrist shot by Barrett Hayton.
1:07 of 2nd period - Shot Misses the Net.
1:09 of 2nd period - Snap shot by Jonas Siegenthaler.
1:09 of 2nd period - Shot Blocked by Rasmus Andersson.
1:11 of 2nd period - Snap shot by Kirby Dach.
1:11 of 2nd period - Deflect By Barrett Hayton.
1:11 of 2nd period - Stopped by Samuel Montembeault without a rebound.
1:12 of 2nd period - Barrett Hayton wins face-off versus Oliver Bjorkstrand in Calgary Flames zone.
1:15 of 2nd period - Snap shot by Barrett Hayton.
1:15 of 2nd period - Shot Blocked by Cole Sillinger.
1:17 of 2nd period - Slapshot by Justin Holl.
1:17 of 2nd period - Shot Misses the Net.
1:19 of 2nd period - Snap shot by Eetu Luostarinen.
1:19 of 2nd period - Stopped by Samuel Montembeault with a rebound.
1:38 of 2nd period - Snap shot by Barrett Hayton.
1:38 of 2nd period - Shot Misses the Net.
1:47 of 2nd period - Slapshot by Barrett Hayton.
1:47 of 2nd period - Stopped by Samuel Montembeault with a rebound.
1:49 of 2nd period - Wrist shot by Kirby Dach.
1:49 of 2nd period - Stopped by Samuel Montembeault without a rebound.
1:50 of 2nd period - J.T. Miller wins face-off versus Shane Pinto in Calgary Flames zone.
2:00 of 2nd period - Michael Anderson and J.T. Miller fight to a draw.
2:00 of 2nd period - Penalty to Michael Anderson for Fighting.
2:00 of 2nd period - Penalty to J.T. Miller for Fighting.
2:01 of 2nd period - Marco Rossi wins face-off versus Sebastian Aho in neutral zone.
2:03 of 2nd period - Trevor Zegras is hit by Sebastian Aho and loses puck.
2:16 of 2nd period - Snap shot by Trevor Zegras.
2:16 of 2nd period - Shot Misses the Net.
2:59 of 2nd period - Zach Hyman is hit by Evander Kane and loses puck.
3:09 of 2nd period - Off-side.
3:10 of 2nd period - Kirby Dach wins face-off versus Nic Dowd in neutral zone.
3:15 of 2nd period - Snap shot by Barrett Hayton.
3:15 of 2nd period - Stopped by Samuel Montembeault without a rebound.
3:16 of 2nd period - Marco Rossi wins face-off versus Nic Dowd in Calgary Flames zone.
3:41 of 2nd period - Rasmus Andersson is hit by Anthony Duclair and loses puck.
3:57 of 2nd period - Minor Penalty to Nic Dowd for Tripping.
3:58 of 2nd period - Trevor Zegras wins face-off versus Pavel Zacha in Calgary Flames zone.
5:24 of 2nd period - Pavel Zacha is hit by Trevor Zegras and loses puck.
5:55 of 2nd period - Marc Staal is hit by Matthew Tkachuk and loses puck.
5:57 of 2nd period - Penalty to Nic Dowd is over, Nic Dowd is back on ice.
6:16 of 2nd period - Wrist shot by Mathieu Joseph.
6:16 of 2nd period - Shot Blocked by Michael McCarron.
6:18 of 2nd period - Minor Penalty to Michael McCarron for Hooking.
6:19 of 2nd period - Barrett Hayton wins face-off versus Zach Hyman in Quebec Nordiques zone.
6:19 of 2nd period - Barrett Hayton is hit by Sebastian Aho.
6:33 of 2nd period - Slapshot by Drew Doughty.
6:33 of 2nd period - Shot Misses the Net.
6:47 of 2nd period - Jordan Greenway is hit by Pavel Zacha and loses puck.
7:00 of 2nd period - Penalty to Michael Anderson is over, Michael Anderson is back on ice.
7:16 of 2nd period - Snap shot by Barrett Hayton.
7:16 of 2nd period - Shot Blocked by Rasmus Andersson.
8:18 of 2nd period - Penalty to Michael McCarron is over, Michael McCarron is back on ice.
8:42 of 2nd period - Eetu Luostarinen is hit by Oliver Bjorkstrand.
8:46 of 2nd period - Rasmus Andersson is hit by Justin Holl and loses puck.
8:59 of 2nd period - J.J. Moser is hit by Drew Doughty and loses puck.
9:06 of 2nd period - Snap shot by Nic Dowd.
9:06 of 2nd period - Shot Misses the Net.
9:09 of 2nd period - Icing by J.J. Moser.
9:10 of 2nd period - J.T. Miller wins face-off versus Shane Pinto in Quebec Nordiques zone.
9:36 of 2nd period - Slapshot by Rasmus Andersson.
9:36 of 2nd period - Deflect By Nic Dowd.
9:36 of 2nd period - Stopped by John Gibson without a rebound.
9:37 of 2nd period - Michael McCarron wins face-off versus Nic Dowd in Quebec Nordiques zone.
9:50 of 2nd period - Snap shot by Nic Dowd.
9:50 of 2nd period - Stopped by John Gibson with a rebound.
9:52 of 2nd period - Wrist shot by Yakov Trenin.
9:52 of 2nd period - Shot Misses the Net.
10:42 of 2nd period - Wrist shot by Oliver Bjorkstrand.
10:42 of 2nd period - Shot Misses the Net.
10:44 of 2nd period - Slapshot by Kris Letang.
10:44 of 2nd period - Stopped by John Gibson with a rebound.
10:46 of 2nd period - Wrist shot by Oliver Bjorkstrand.
10:46 of 2nd period - Stopped by John Gibson without a rebound.
10:47 of 2nd period - J.T. Miller wins face-off versus Shane Pinto in Quebec Nordiques zone.
11:38 of 2nd period - Jeremy Lauzon is hit by Trevor Zegras.
12:27 of 2nd period - Snap shot by Shane Pinto.
12:27 of 2nd period - Shot Misses the Net.
12:29 of 2nd period - Wrist shot by Anthony Duclair.
12:29 of 2nd period - Stopped by Samuel Montembeault with a rebound.
12:31 of 2nd period - Wrist shot by Shane Pinto.
12:31 of 2nd period - Stopped by Samuel Montembeault without a rebound.
12:32 of 2nd period - Marco Rossi wins face-off versus Sebastian Aho in Calgary Flames zone.
12:47 of 2nd period - Slapshot by Trevor Zegras.
12:47 of 2nd period - Shot Misses the Net.
13:05 of 2nd period - Wrist shot by Evander Kane.
13:05 of 2nd period - Shot Blocked by Jake Middleton.
13:07 of 2nd period - Wrist shot by Anthony Duclair.
13:07 of 2nd period - Shot Misses the Net.
14:06 of 2nd period - Wrist shot by Trevor Zegras.
14:06 of 2nd period - Stopped by Samuel Montembeault without a rebound.
14:07 of 2nd period - Marco Rossi wins face-off versus J.T. Miller in Calgary Flames zone.
14:18 of 2nd period - Snap shot by J.T. Miller.
14:18 of 2nd period - Deflect By Pavel Zacha.
14:18 of 2nd period - Shot Misses the Net.
14:18 of 2nd period - Puck is out of play.
14:19 of 2nd period - Marco Rossi wins face-off versus J.T. Miller in Quebec Nordiques zone.
15:07 of 2nd period - Snap shot by Oliver Bjorkstrand.
15:07 of 2nd period - Goal by Oliver Bjorkstrand - Calgary Flames : 4 - Quebec Nordiques : 1.
15:08 of 2nd period - J.T. Miller wins face-off versus Marco Rossi in neutral zone.
15:48 of 2nd period - Wrist shot by Shane Pinto.
15:48 of 2nd period - Stopped by Samuel Montembeault with a rebound.
16:00 of 2nd period - Slapshot by J.J. Moser.
16:00 of 2nd period - Stopped by Samuel Montembeault with a rebound.
16:02 of 2nd period - Slapshot by Ryan Poehling.
16:02 of 2nd period - Stopped by Samuel Montembeault without a rebound.
16:03 of 2nd period - J.T. Miller wins face-off versus Michael McCarron in Calgary Flames zone.
16:03 of 2nd period - J.T. Miller is hit by J.J. Moser.
16:20 of 2nd period - Slapshot by Matthew Tkachuk.
16:20 of 2nd period - Stopped by John Gibson with a rebound.
16:30 of 2nd period - Wrist shot by Jordan Greenway.
16:30 of 2nd period - Shot Misses the Net.
16:32 of 2nd period - Wrist shot by Juuso Valimaki.
16:32 of 2nd period - Shot Misses the Net.
16:34 of 2nd period - Snap shot by Juuso Valimaki.
16:34 of 2nd period - Stopped by Samuel Montembeault with a rebound.
16:36 of 2nd period - Wrist shot by Jordan Greenway.
16:36 of 2nd period - Goal by Jordan Greenway - Calgary Flames : 4 - Quebec Nordiques : 2.
16:37 of 2nd period - Sebastian Aho wins face-off versus Marco Rossi in neutral zone.
16:50 of 2nd period - Wrist shot by Trevor Zegras.
16:50 of 2nd period - Deflect By Cole Perfetti.
16:50 of 2nd period - Stopped by Samuel Montembeault without a rebound.
16:51 of 2nd period - Shane Pinto wins face-off versus J.T. Miller in Calgary Flames zone.
16:54 of 2nd period - Snap shot by Evander Kane.
16:54 of 2nd period - Shot Misses the Net.
16:56 of 2nd period - Slapshot by Juuso Valimaki.
16:56 of 2nd period - Deflect By Evander Kane.
16:56 of 2nd period - Goal by Evander Kane - Calgary Flames : 4 - Quebec Nordiques : 3.
16:57 of 2nd period - Shane Pinto wins face-off versus Oliver Bjorkstrand in neutral zone.
17:02 of 2nd period - Wrist shot by Evander Kane.
17:02 of 2nd period - Stopped by Samuel Montembeault with a rebound.
17:28 of 2nd period - Icing by Michael Anderson.
17:29 of 2nd period - Marco Rossi wins face-off versus J.T. Miller in Quebec Nordiques zone.
17:40 of 2nd period - Slapshot by Trevor Zegras.
17:40 of 2nd period - Shot Blocked by Jake Middleton.
17:42 of 2nd period - Wrist shot by Marco Rossi.
17:42 of 2nd period - Shot Blocked by Jake Middleton.
17:44 of 2nd period - Wrist shot by J.J. Moser.
17:44 of 2nd period - Deflect By Marco Rossi.
17:44 of 2nd period - Shot Misses the Net.
17:44 of 2nd period - Puck is out of play.
17:45 of 2nd period - Barrett Hayton wins face-off versus Sebastian Aho in Calgary Flames zone.
17:50 of 2nd period - Wrist shot by Eetu Luostarinen.
17:50 of 2nd period - Shot Misses the Net.
17:52 of 2nd period - Slapshot by Kirby Dach.
17:52 of 2nd period - Shot Misses the Net.
17:54 of 2nd period - Slapshot by Marc Staal.
17:54 of 2nd period - Shot Blocked by Sebastian Aho.
17:56 of 2nd period - Backhand shot by Marc Staal.
17:56 of 2nd period - Stopped by Samuel Montembeault with a rebound.
17:58 of 2nd period - Snap shot by Justin Holl.
17:58 of 2nd period - Deflect By Barrett Hayton.
17:58 of 2nd period - Stopped by Samuel Montembeault without a rebound.
17:59 of 2nd period - Oliver Bjorkstrand wins face-off versus Shane Pinto in Calgary Flames zone.
17:59 of 2nd period - Oliver Bjorkstrand is hit by Justin Holl.
18:08 of 2nd period - Justin Holl is hit by Oliver Bjorkstrand and loses puck.
18:33 of 2nd period - Kris Letang is hit by Cole Perfetti and loses puck.
Goals for this period are 1 for Calgary Flames vs 2 for Quebec Nordiques.
Shots for this period are 6 for Calgary Flames vs 18 for Quebec Nordiques.
3rd period
0:01 of 3rd period - J.T. Miller wins face-off versus Barrett Hayton in neutral zone.
0:30 of 3rd period - Wrist shot by Anthony Duclair.
0:30 of 3rd period - Shot Misses the Net.
0:32 of 3rd period - Slapshot by J.J. Moser.
0:32 of 3rd period - Shot Misses the Net.
0:34 of 3rd period - Backhand shot by Michael Anderson.
0:34 of 3rd period - Shot Misses the Net.
0:48 of 3rd period - Slapshot by Rasmus Andersson.
0:48 of 3rd period - Stopped by John Gibson with a rebound.
1:30 of 3rd period - Wrist shot by Barrett Hayton.
1:30 of 3rd period - Stopped by Samuel Montembeault with a rebound.
2:10 of 3rd period - Juuso Valimaki is hit by Drew Doughty and loses puck.
2:29 of 3rd period - Minor Penalty to Yakov Trenin for Cross-checking.
2:30 of 3rd period - Marco Rossi wins face-off versus Joel Eriksson Ek in Calgary Flames zone.
2:58 of 3rd period - Off-side.
2:59 of 3rd period - Shane Pinto wins face-off versus Pavel Zacha in neutral zone.
3:16 of 3rd period - Snap shot by Shane Pinto.
3:16 of 3rd period - Goal by Shane Pinto - Calgary Flames : 4 - Quebec Nordiques : 4.
3:17 of 3rd period - Shane Pinto wins face-off versus J.T. Miller in neutral zone.
3:26 of 3rd period - Wrist shot by Anthony Duclair.
3:26 of 3rd period - Shot Misses the Net.
3:29 of 3rd period - Icing by Vincent Desharnais.
3:30 of 3rd period - Marco Rossi wins face-off versus J.T. Miller in Calgary Flames zone.
3:37 of 3rd period - Michael Anderson is hit by Jeremy Lauzon.
3:43 of 3rd period - Wrist shot by Matthew Tkachuk.
3:43 of 3rd period - Shot Blocked by Michael Anderson.
4:12 of 3rd period - Snap shot by J.T. Miller.
4:12 of 3rd period - Stopped by John Gibson with a rebound.
4:18 of 3rd period - Pavel Zacha is hit by Michael Anderson and loses puck.
4:41 of 3rd period - Snap shot by Cole Perfetti.
4:41 of 3rd period - Stopped by Samuel Montembeault with a rebound.
5:09 of 3rd period - Icing by Vincent Desharnais.
5:10 of 3rd period - J.T. Miller wins face-off versus Shane Pinto in Calgary Flames zone.
5:10 of 3rd period - J.T. Miller is hit by Evander Kane.
5:20 of 3rd period - Wrist shot by Matthew Tkachuk.
5:20 of 3rd period - Shot Blocked by Jonas Siegenthaler.
5:22 of 3rd period - Wrist shot by Matthew Tkachuk.
5:22 of 3rd period - Shot Misses the Net.
5:39 of 3rd period - Off-side.
5:40 of 3rd period - Sebastian Aho wins face-off versus Barrett Hayton in neutral zone.
5:59 of 3rd period - Snap shot by Sebastian Aho.
5:59 of 3rd period - Shot Blocked by Eetu Luostarinen.
6:04 of 3rd period - Minor Penalty to Barrett Hayton for Interference.
6:05 of 3rd period - Sebastian Aho wins face-off versus Ryan Poehling in Quebec Nordiques zone.
6:11 of 3rd period - Snap shot by Zach Hyman.
6:11 of 3rd period - Stopped by John Gibson with a rebound.
6:44 of 3rd period - Icing by Joel Eriksson Ek.
6:45 of 3rd period - Joel Eriksson Ek wins face-off versus Michael McCarron in Calgary Flames zone.
8:04 of 3rd period - Penalty to Barrett Hayton is over, Barrett Hayton is back on ice.
9:29 of 3rd period - Shane Pinto is hit by Joel Eriksson Ek and loses puck.
9:58 of 3rd period - Rasmus Andersson is hit by Ryan Poehling and loses puck.
10:55 of 3rd period - Marc Staal is hit by Jeremy Lauzon and loses puck.
12:07 of 3rd period - Icing by Jordan Greenway.
12:08 of 3rd period - J.T. Miller wins face-off versus Michael McCarron in Quebec Nordiques zone.
12:35 of 3rd period - Juuso Valimaki is hit by Yakov Trenin and loses puck.
12:42 of 3rd period - Slapshot by Kris Letang.
12:42 of 3rd period - Shot Blocked by Michael McCarron.
12:44 of 3rd period - Snap shot by Nic Dowd.
12:44 of 3rd period - Stopped by John Gibson without a rebound.
12:45 of 3rd period - Marco Rossi wins face-off versus Sebastian Aho in Quebec Nordiques zone.
12:52 of 3rd period - Off-side.
12:53 of 3rd period - Marco Rossi wins face-off versus Sebastian Aho in neutral zone.
12:56 of 3rd period - Snap shot by Marco Rossi.
12:56 of 3rd period - Deflect By Trevor Zegras.
12:56 of 3rd period - Shot Misses the Net.
12:56 of 3rd period - Puck is out of play.
12:57 of 3rd period - Sebastian Aho wins face-off versus Marco Rossi in Calgary Flames zone.
13:04 of 3rd period - Wrist shot by Sebastian Aho.
13:04 of 3rd period - Stopped by John Gibson with a rebound.
13:22 of 3rd period - Sebastian Aho is hit by Eetu Luostarinen and loses puck.
13:27 of 3rd period - Wrist shot by Barrett Hayton.
13:27 of 3rd period - Shot Hit the Post.
13:29 of 3rd period - Snap shot by Justin Holl.
13:29 of 3rd period - Deflect By Barrett Hayton.
13:29 of 3rd period - Stopped by Samuel Montembeault with a rebound.
13:31 of 3rd period - Snap shot by Kirby Dach.
13:31 of 3rd period - Shot Misses the Net.
13:33 of 3rd period - Snap shot by Barrett Hayton.
13:33 of 3rd period - Stopped by Samuel Montembeault with a rebound.
13:35 of 3rd period - Snap shot by Barrett Hayton.
13:35 of 3rd period - Stopped by Samuel Montembeault without a rebound.
13:36 of 3rd period - Shane Pinto wins face-off versus Oliver Bjorkstrand in Calgary Flames zone.
14:01 of 3rd period - Rasmus Andersson is hit by Justin Holl.
14:09 of 3rd period - Slapshot by Trevor Zegras.
14:09 of 3rd period - Stopped by Samuel Montembeault with a rebound.
14:47 of 3rd period - Slapshot by Anthony Duclair.
14:47 of 3rd period - Shot Misses the Net.
14:49 of 3rd period - Wrist shot by Jonas Siegenthaler.
14:49 of 3rd period - Deflect By Rasmus Andersson.
14:49 of 3rd period - Stopped by Samuel Montembeault without a rebound.
14:50 of 3rd period - Shane Pinto wins face-off versus Sebastian Aho in Calgary Flames zone.
15:26 of 3rd period - Snap shot by Mathieu Joseph.
15:26 of 3rd period - Stopped by John Gibson with a rebound.
15:28 of 3rd period - Snap shot by Oliver Bjorkstrand.
15:28 of 3rd period - Stopped by John Gibson with a rebound.
15:30 of 3rd period - Slapshot by Drew Doughty.
15:30 of 3rd period - Deflect By Mathieu Joseph.
15:30 of 3rd period - Shot Blocked by Michael Anderson.
15:30 of 3rd period - Puck is out of play.
15:31 of 3rd period - Barrett Hayton wins face-off versus Nic Dowd in Quebec Nordiques zone.
15:44 of 3rd period - Michael Anderson is hit by Nic Dowd and loses puck.
15:57 of 3rd period - Jordan Greenway is hit by Oliver Bjorkstrand and loses puck.
16:23 of 3rd period - Sebastian Aho is hit by Evander Kane and loses puck.
16:48 of 3rd period - Icing by Kris Letang.
16:49 of 3rd period - Sebastian Aho wins face-off versus Barrett Hayton in Calgary Flames zone.
17:14 of 3rd period - Kris Letang is hit by Evander Kane and loses puck.
17:33 of 3rd period - Slapshot by Sebastian Aho.
17:33 of 3rd period - Shot Misses the Net.
17:35 of 3rd period - Backhand shot by Sebastian Aho.
17:35 of 3rd period - Shot Misses the Net.
17:37 of 3rd period - Slapshot by Kris Letang.
17:37 of 3rd period - Stopped by John Gibson with a rebound.
17:39 of 3rd period - Snap shot by Sebastian Aho.
17:39 of 3rd period - Deflect By Joel Eriksson Ek.
17:39 of 3rd period - Shot Misses the Net.
17:39 of 3rd period - Puck is out of play.
17:40 of 3rd period - Barrett Hayton wins face-off versus Oliver Bjorkstrand in Quebec Nordiques zone.
18:05 of 3rd period - Eetu Luostarinen is hit by Jake Middleton.
18:11 of 3rd period - Snap shot by Barrett Hayton.
18:11 of 3rd period - Shot Misses the Net.
18:36 of 3rd period - Snap shot by Garnet Hathaway.
18:36 of 3rd period - Stopped by John Gibson with a rebound.
18:38 of 3rd period - Slapshot by Vincent Desharnais.
18:38 of 3rd period - Stopped by John Gibson with a rebound.
18:53 of 3rd period - Juuso Valimaki is hit by Mathieu Joseph and loses puck.
Goals for this period are 0 for Calgary Flames vs 1 for Quebec Nordiques.
Shots for this period are 10 for Calgary Flames vs 8 for Quebec Nordiques.
Overtime #1
0:01 of 1st overtime period - Marco Rossi wins face-off versus Pavel Zacha in neutral zone.
3:19 of 1st overtime period - Marc Staal is hit by Oliver Bjorkstrand and loses puck.
3:32 of 1st overtime period - Icing by Rasmus Andersson.
3:33 of 1st overtime period - Pavel Zacha wins face-off versus Cole Perfetti in Calgary Flames zone.
3:51 of 1st overtime period - Wrist shot by Matthew Tkachuk.
3:51 of 1st overtime period - Stopped by John Gibson without a rebound.
3:52 of 1st overtime period - Joel Eriksson Ek wins face-off versus Shane Pinto in Quebec Nordiques zone.
3:53 of 1st overtime period - Wrist shot by Matthew Tkachuk.
3:53 of 1st overtime period - Stopped by John Gibson with a rebound.
3:55 of 1st overtime period - Backhand shot by Joel Eriksson Ek.
3:55 of 1st overtime period - Shot Misses the Net.
3:57 of 1st overtime period - Slapshot by Drew Doughty.
3:57 of 1st overtime period - Deflect By Matthew Tkachuk.
3:57 of 1st overtime period - Stopped by John Gibson with a rebound.
3:59 of 1st overtime period - Slapshot by Kris Letang.
3:59 of 1st overtime period - Stopped by John Gibson with a rebound.
Goals for this period are 0 for Calgary Flames vs 0 for Quebec Nordiques.
Shots for this period are 4 for Calgary Flames vs 0 for Quebec Nordiques.
ShootOut
5:00 of 1st overtime period - Round #1.
5:00 of 1st overtime period - Calgary Flames, J.T. Miller.
5:00 of 1st overtime period - Snap shot by J.T. Miller.
5:00 of 1st overtime period - Shot Misses the Net.
5:00 of 1st overtime period - Quebec Nordiques, Trevor Zegras.
5:00 of 1st overtime period - Deke by Trevor Zegras.
5:00 of 1st overtime period - Goal by Trevor Zegras.
5:00 of 1st overtime period - Round #2.
5:00 of 1st overtime period - Calgary Flames, Sebastian Aho.
5:00 of 1st overtime period - Snap shot by Sebastian Aho.
5:00 of 1st overtime period - Stopped by John Gibson.
5:00 of 1st overtime period - Quebec Nordiques, Kirby Dach.
5:00 of 1st overtime period - Snap shot by Kirby Dach.
5:00 of 1st overtime period - Stopped by Samuel Montembeault.
5:00 of 1st overtime period - Round #3.
5:00 of 1st overtime period - Calgary Flames, Joel Eriksson Ek.
5:00 of 1st overtime period - Deke by Joel Eriksson Ek.
5:00 of 1st overtime period - Goal by Joel Eriksson Ek.
5:00 of 1st overtime period - Quebec Nordiques, Anthony Duclair.
5:00 of 1st overtime period - Snap shot by Anthony Duclair.
5:00 of 1st overtime period - Goal by Anthony Duclair.
Back to the Top